 Dungeon Crawl Stone Soup version 0.24.0-123-gd5b16e6ec5 (webtiles) character file.

Game seed: 15904529936722168438, levelgen mode: deterministic

16 AuftragZ the Magician (level 2, -1/15 HPs)
             Began as a Deep Elf Wizard on Jan 21, 2020.
             Slain by a kobold
             ... wielding a +0 dagger
              (2 damage)
             ... on level 1 of the Dungeon.
             The game lasted 00:04:05 (501 turns).

AuftragZ the Magician (Deep Elf Wizard)              Turns: 501, Time: 00:04:05

Health: -1/15      AC:  2    Str:  4    XL:     2   Next: 41%
Magic:  8/10       EV: 13    Int: 22    God:
Gold:   40         SH:  0    Dex: 13    Spells: 6/11 levels left

rFire    . . .     SeeInvis .   (no weapon)
rCold    . . .     Gourm    .   (no shield)
rNeg     . . .     Faith    .   a - +0 robe
rPois    .         Spirit   .   b - +0 hat
rElec    .         Reflect  .   (no cloak)
rCorr    .         Harm     .   (no gloves)
MR       .....                  (no boots)
Stlth    ++........             (no amulet)
HPRegen  0.05/turn              (no ring)
MPRegen  0.12/turn              (no ring)

@: no status effects
A: no striking features
a: no special abilities


You were on level 1 of the Dungeon.
You were not hungry.

You visited 1 branch of the dungeon, and saw 1 of its levels.

You collected 40 gold pieces.

Inventory:

Armour
 a - a +0 robe (worn)
 b - a +0 hat (worn)
Scrolls
 c - a scroll of random uselessness {unknown}
 e - a scroll of immolation {unknown}
Potions
 f - a potion of curing {unknown}
Comestibles
 d - a ration


   Skills:
 + Level 2.6 Dodging
 + Level 2.5 Stealth
 + Level 5.0 Spellcasting
 + Level 1.5 Conjurations
 + Level 1.1 Summonings
   Level 1.1 Translocations


You had 6 spell levels left.
You knew the following spells:

 Your Spells              Type           Power        Failure   Level  Hunger
a - Magic Dart            Conj           ##..         5%          1    None
b - Call Imp              Summ           ##......     10%         2    None
c - Slow                  Hex            #.......     16%         2    None

Your spell library contained the following spells:

 Spells                   Type           Power        Failure   Level  Hunger
 Blink                    Tloc           N/A          10%         2    None
 Conjure Flame            Conj/Fire      #.......     22%         3    ##.....
 Mephitic Cloud           Conj/Pois/Air  #.......     24%         3    ##.....


Dungeon Overview and Level Annotations

Branches:
Dungeon (1/15)

Altars:


Message History

The kobold completely misses you.
The frilled lizard bites you but does no damage.
You hit the kobold but do no damage.
The kobold is severely wounded.
The kobold misses you. The frilled lizard bites you.
* * * LOW HITPOINT WARNING * * *
You hit the kobold but do no damage.
The kobold is severely wounded.
The kobold hits you but does no damage. The frilled lizard closely misses you.
You closely miss the kobold.
The kobold is severely wounded.
The kobold misses you. The frilled lizard closely misses you.
You completely miss the kobold.
The kobold is severely wounded.
The kobold closely misses you. The frilled lizard bites you.
* * * LOW HITPOINT WARNING * * *
You closely miss the kobold.
The kobold is severely wounded.
The kobold hits you with a +0 dagger.
You die...

#...)†...# #...
#† #...##.###.#
#.# #.... ##.
#... #.# #.
...... #
##.#.#.# .......
#.#.#.######.#
###..## #.#
#.......$# #.#
#.# #....#####
#.. ..#.#+#....+
## #.....K@...#
.......l.......
##..............
#.......##.....
#........ .....
...>###.........
#### #.... ...#
#.....


You could see a kobold and a frilled lizard.

Vanquished Creatures
  An ooze (D:1)
  A dart slug (D:1)
  2 giant cockroaches (D:1)
  A goblin (D:1)
  3 hobgoblins (D:1)
  A frilled lizard (D:1)
9 creatures vanquished.

Notes
Turn   | Place    | Note
-------+----------+-------------------------------------------
     0 | D:1      | AuftragZ the Deep Elf Wizard began the quest for the Orb.
     0 | D:1      | Reached XP level 1. HP: 10/10 MP: 7/7
   249 | D:1      | Reached XP level 2. HP: 15/15 MP: 4/9
   294 | D:1      | Learned a level 2 spell: Call Imp
   297 | D:1      | Learned a level 2 spell: Slow
   470 | D:1      | Reached skill level 5 in Spellcasting
   501 | D:1      | Slain by a kobold

Levels and vault maps discovered:
D:1:      dpeg_arrival_arbitrary_b, layout_basic

Skill      XL: |  1  2 |
---------------+-------+-----
Spellcasting   | 5 |  5.0
Dodging        | |  2.6
Stealth        | |  2.5
Conjurations   | |  1.5
Summonings     | |  1.1
Translocations | |  1.1

Action                   || total
-------------------------++-------
Melee: Unarmed           ||    22
 Cast: Magic Dart        ||    30
       Call Imp          ||     3
Armor: Robe              ||     4
Dodge: Dodged            ||    27
